 Dungeon Crawl Stone Soup version 0.24-a0-784-g601f8f6d22 (webtiles) character file.

Game seed: 15054817585121381747, levelgen mode: deterministic

4510 Gumption the Blocker (level 10, 0/91 HPs)
             Began as a Deep Dwarf Fighter on Oct 9, 2019.
             Was a Believer of Makhleb.
             Slain by a hornet (7 damage)
             ... on level 9 of the Dungeon.
             The game lasted 01:26:43 (7452 turns).

Gumption the Blocker (Deep Dwarf Fighter)           Turns: 7452, Time: 01:26:44

Health: 0/91       AC:  7    Str: 23    XL:     10   Next: 16%
Magic:  3/3        EV:  9    Int:  9    God:    Makhleb [**....]
Gold:   486        SH: 14    Dex: 18    Spells: 9/9 levels left

rFire    . . .     SeeInvis .   a - +0 hand axe (elec)
rCold    . . .     Gourm    .   c - +1 shield
rNeg     . . .     Faith    .   p - +1 ring mail of Sier {Dex+6} (curse)
rPois    .         Spirit   .   (no helmet)
rElec    .         Reflect  .   (no cloak)
rCorr    .         Harm     .   (no gloves)
MR       +....                  (no boots)
Stlth    +.........             e - amulet of the acrobat
HPRegen  0.00/turn              (no ring)
MPRegen  0.08/turn              (no ring)

@: lethally poisoned (0 -> -24), non-regenerating, slowed, very slow
A: damage resistance, heal wounds, sense surroundings 2, no regeneration
a: Heal Wounds, Minor Destruction, Renounce Religion


You were on level 9 of the Dungeon.
You worshipped Makhleb.
Makhleb was pleased with you.
You were very hungry.

You visited 2 branches of the dungeon, and saw 10 of its levels.

You collected 486 gold pieces.

Inventory:

Hand Weapons
 a - a +0 hand axe of electrocution (weapon)
 b - a +1 fustibalus
 C - a +0 war axe
 H - a cursed +3 war axe
Missiles
 i - 319 stones (quivered)
 s - 20 sling bullets
Armour
 c - a +1 shield (worn)
 p - the cursed +1 ring mail of Sier (worn) {Dex+6}
   (You found it on level 8 of the Dungeon)

   It affects your dexterity (+6).
   It has a curse placed upon it.
 v - a +0 chain mail
 B - a +0 large shield
 E - a cursed +0 plate armour
Jewellery
 e - an amulet of the acrobat (around neck)
Wands
 r - a wand of digging (6)
 y - a wand of iceblast (6)
 A - a wand of clouds (1)
 F - a wand of acid (8)
Scrolls
 g - a scroll of enchant armour
 h - 3 scrolls of remove curse
 m - 2 scrolls of fear
 o - 4 scrolls of enchant weapon
 q - a scroll of immolation
 t - 7 scrolls of teleportation
 D - 2 scrolls of holy word {unknown}
 G - a scroll of amnesia
Potions
 d - a potion of might
 j - a potion of resistance
 k - 2 potions of haste
 l - 3 potions of heal wounds
 n - a potion of mutation
 u - a potion of cancellation
 w - 4 potions of curing
 x - 3 potions of brilliance
 z - 3 potions of agility
Comestibles
 f - 18 rations


   Skills:
 + Level 6.1 Fighting
 * Level 9.6 Axes
 + Level 7.3 Armour
 * Level 9.9 Shields
 + Level 2.6 Invocations


You had 9 spell levels left.
You didn't know any spells.
Your spell library contained the following spells:

 Spells                   Type           Power        Failure   Level  Hunger
 Corona                   Hex            #......      75%         1    ##.....
 Ensorcelled Hibernation  Hex/Ice        #.....       87%         2    ###....
 Confuse                  Hex            #.......     98%         3    ####...
 Dazzling Spray           Conj/Hex       #.....       98%         3    ####...
 Tukima's Dance           Hex            #.......     98%         3    ####...


Dungeon Overview and Level Annotations

Branches:
Dungeon (9/15)             Temple (1/1) D:6
   Lair: D:8-11         Orc: D:9-12

Altars:
Ashenzari
Cheibriados
Dithmenos
Elyvilon
Fedhas
Gozag
Hepliaklqana
Kikubaaqudgha
Makhleb
Nemelex Xobeh
Okawaru
Qazlal
Ru
Sif Muna
Trog
Uskayaw
Vehumet
Wu Jian
Xom
Yredelemnul
Zin
The Shining One

Shops:
D:9 !

Annotations:
D:3 2 transporters, larifari's ghost, weakling FeEn
D:7 1 runed translucent door


Innate Abilities, Weirdness & Mutations

You are resistant to damage.
You can heal yourself by infusing magical energy.
You passively map the area around you.
You do not regenerate.


Message History

You are lethally poisoned!
You feel as though you will be slow longer.
You miss the hornet.
The hornet is severely wounded.
* * * LOW HITPOINT WARNING * * *
You feel very sick. You block the hornet's attack. The hornet stings you.
You are more poisoned.
You feel as though you will be slow longer.
You closely miss the hornet.
The hornet is severely wounded.
* * * LOW HITPOINT WARNING * * *
You feel very sick. You block the hornet's attack. x2
You hit the hornet but do no damage.
The hornet is severely wounded.
* * * LOW HITPOINT WARNING * * *
You feel very sick. You block the hornet's attack. The hornet stings you!
You die...

####..#.# ..#
#.......####..# , ,
##...##.>.....# , .
#....#...##..., *#.
#.#......##. ** #Y
#...##......# *
###.##.....## * ,,
######..........* *
.......y@...####..,
, (............#
*##..
(.....(..#.#.# ,.
*#######..#.# .. *
, , .... #* #.,, ,
* ..... , , , *
###... , * , ,*
#...* * , , , , *


You could see a hornet.

Vanquished Creatures
  Psyche (D:8)
  2 hippogriffs (D:7)
  A vampire (D:8)
  A hungry ghost (D:8)
  3 orc warriors (D:8)
  2 ice beasts
  3 sky beasts
  3 black bears
  A phantom (D:7)
  An ogre (D:8)
  2 centaurs (D:8)
  3 bullfrogs
  A gnoll sergeant (D:7)
  A wyvern zombie (D:4)
  A jelly (D:6)
  3 scorpions
  5 wights
  3 howler monkeys
  3 crimson imps
  A quasit (D:5)
  5 hounds
  3 orc priests
  12 orc wizards
  4 iguanas
  4 worker ants
  3 killer bee zombies
  A hound skeleton (D:8)
  A worker ant zombie (D:8)
  12 adders
  8 gnolls
  A shadow imp (D:6)
  An adder zombie (D:3)
  An ooze (D:1)
  2 adder skeletons
  2 worms
  6 dart slugs
  8 leopard geckos
  29 orcs
  9 bats
  5 giant cockroaches
  8 hobgoblins
  13 jackals
  11 kobolds
  5 quokkas
  A ball python (D:1)
  5 frilled lizards
  10 goblins
  A leopard gecko skeleton (D:5)
  A quokka skeleton (D:4)
  8 rats
221 creatures vanquished.

Notes
Turn   | Place    | Note
-------+----------+-------------------------------------------
     0 | D:1      | Gumption the Deep Dwarf Fighter began the quest for the
                  | Orb.
     0 | D:1      | Reached XP level 1. HP: 20/20 MP: 1/1
    44 | D:1      | Reached XP level 2. HP: 22/27 MP: 2/2
   219 | D:1      | Reached XP level 3. HP: 31/33 MP: 3/3
   888 | D:2      | Reached XP level 4. HP: 26/42 MP: 4/4
  2097 | D:3      | Found a hazy altar of Hepliaklqana.
  2229 | D:3      | Reached XP level 5. HP: 26/49 MP: 5/5
  2322 | D:3      | Found a transporter.
  2323 | D:3      | Found a transporter.
  2323 | D:3      | Noticed larifari's ghost (weakling FeEn)
  2323 | D:3      | Identified the +7 dire flail of the Bruised Seas {crush,
                  | *Drain Str+5}
  2323 | D:3      | Noticed an ogre
  2713 | D:4      | Reached skill level 5 in Shields
  2836 | D:4      | Reached XP level 6. HP: 51/56 MP: 5/5
  3079 | D:4      | You fall into a shaft and drop 1 floor!
  3079 | D:5      | Entered Level 5 of the Dungeon
  3162 | D:4      | Reached skill level 5 in Axes
  3417 | D:5      | Reached XP level 7. HP: 36/63 MP: 6/6
  3476 | D:5      | Found a glowing golden altar of the Shining One.
  4030 | D:5      | Reached skill level 5 in Armour
  4440 | D:6      | Reached XP level 8. HP: 41/73 MP: 7/7
  4708 | D:6      | Found a staircase to the Ecumenical Temple.
  4717 | Temple   | Entered the Ecumenical Temple
  4766 | Temple   | Became a worshipper of Makhleb the Destroyer
  5339 | D:7      | Found a glowing golden altar of the Shining One.
  5341 | D:7      | Found a shimmering blue altar of Sif Muna.
  5341 | D:7      | Found an opulent altar of Gozag.
  5343 | D:7      | Found a radiant altar of Vehumet.
  5343 | D:7      | Found a shimmering altar of Xom.
  5343 | D:7      | Found a shimmering altar of Xom.
  5674 | D:7      | Noticed a hippogriff
  5690 | D:7      | Killed a hippogriff
  5690 | D:7      | Reached * piety under Makhleb
  5690 | D:7      | Reached skill level 5 in Fighting
  5774 | D:7      | Noticed a sixfirhy
  5779 | D:7      | Found a runed translucent door.
  5808 | D:7      | Gained mutation: You passively map the area around you.
                  | [Deep Dwarf growth]
  5808 | D:7      | Reached XP level 9. HP: 44/81 MP: 4/4
  6369 | D:8      | Got a crude ring mail
  6386 | D:7      | Identified the cursed +1 ring mail of Sier {Dex+6} (You
                  | found it on level 8 of the Dungeon)
  6693 | D:8      | Reached ** piety under Makhleb
  6773 | D:8      | Reached skill level 1 in Invocations
  7149 | D:8      | Reached XP level 10. HP: 63/91 MP: 5/5
  7349 | D:9      | Noticed Psyche
  7358 | D:8      | Killed Psyche
  7380 | D:9      | Found Puopp's Distillery.
  7444 | D:9      | Paralysed by a hornet for 2 turns
  7452 | D:9      | Slain by a hornet

Levels and vault maps discovered:
D:1:      ncdulo_watergridlock, layout_loops_ring
D:2:      layout_loops_corners
D:3:      layout_loops_ring, lemuel_coloured_pillars_altar,
          gammafunk_ghost_smash, hangedman_abyss_or_decor_lesser_grid
D:4:      layout_loops_ring, hangedman_glass_teeth
D:5:      layout_basic, first_ration, tso_metal_star
D:6:      layout_gridville, minmay_temple_entry_mist
D:7:      cheibrodos_shockbox, layout_basic, grunt_decor_resistance,
          doesnt_xom_only_xom
D:8:      layout_cave_pools, grunt_pizzeria
D:9:      layout_rooms, serial_shops, shop, uniq_erica, uniq_psyche,
          uniq_maurice
Temple:   grunt_wide_crystal_templ

Skill      XL: |  1  2  3  4  5  6  7  8  9 10 |
---------------+-------------------------------+-----
Axes           | 3 4 5 6 7 9 |  9.6
Fighting       | 3 4 5 6 |  6.1
Shields        | 4 5 6 8 9 |  9.9
Armour         | 4 5 6 7 |  7.3
Invocations    | 2 |  2.6

Action                   |  1- 3 |  4- 6 |  7- 9 | 10-12 || total
-------------------------+-------+-------+-------+-------++-------
Melee: War axe           |   143 |   188 |   336 |       ||   667
       Hand axe          |       |       |    39 |    44 ||    83
 Fire: Fustibalus        |       |    80 |   229 |     6 ||   315
Throw: Stone             |    18 |    21 |     1 |       ||    40
Invok: Minor Destruction |       |       |       |     1 ||     1
 Abil: Heal Wounds       |     1 |     2 |    13 |     3 ||    19
  Use: Scroll            |       |    13 |     8 |       ||    21
  Eat: Chunk             |       |     9 |    11 |       ||    20
       Ration            |       |       |     1 |       ||     1
Armor: Scale mail        |    49 |    89 |   199 |       ||   337
       Ring mail         |       |       |    34 |    10 ||    44
Dodge: Dodged            |    48 |   120 |   146 |     7 ||   321
Block: Shield            |    85 |     1 |   103 |    23 ||   212
       Buckler           |       |    42 |    81 |       ||   123

Table legend:
 A = Non-vault XP
 B = Vault XP
 C = Vault XP percentage of total XP
 D = Non-vault monster count
 E = Vault monster count
 F = Vault count percentage of total count
                 A         B        C        D         E       F
            +---------+---------+-------+---------+---------+-------
      Total |    5874 |     570 |   8.8 |     219 |       2 |   0.9
            +---------+---------+-------+---------+---------+-------
        D:1 |      81 |       0 |   0.0 |      34 |       0 |   0.0
        D:2 |      60 |       0 |   0.0 |      19 |       0 |   0.0
        D:3 |     147 |       0 |   0.0 |      34 |       0 |   0.0
        D:4 |     442 |       0 |   0.0 |      22 |       0 |   0.0
        D:5 |     412 |       0 |   0.0 |      23 |       0 |   0.0
        D:6 |    1054 |       0 |   0.0 |      21 |       0 |   0.0
        D:7 |    1052 |       0 |   0.0 |      19 |       0 |   0.0
        D:8 |    2626 |     570 |  17.8 |      47 |       2 |   4.1
            +---------+---------+-------+---------+---------+-------
